 Dungeon Crawl Stone Soup version 0.16.2-12-gd0ad4c3 (webtiles) character file.

372 Havoc the Twirler (level 6, 0/50 HPs)
             Began as a Demigod Gladiator on Sept 24, 2015.
             Slain by an orc wizard
             ... wielding a +0 dagger
              (1 damage)
             ... on level 4 of the Dungeon.
             The game lasted 00:19:38 (3013 turns).

Havoc the Twirler (Demigod Gladiator)               Turns: 3013, Time: 00:19:38

Health: 0/50       AC:  9    Str: 20    XL:     6   Next: 19%
Magic:  10/10      EV: 12    Int: 12    God:
Gold:   165        SH:  0    Dex: 18    Spells: 0 memorised, 5 levels left

rFire  . . .     SeeInvis .     a - +0 quarterstaff
rCold  . . .     Clarity  .     e - +0 scale mail
rNeg   . . .     SustAb   +     (no shield)
rPois  .         Gourm    .     x - +0 helmet
rElec  .         Spirit   .     b - +0 cloak
rCorr  .         Warding  .     j - +0 pair of gloves
rMut   .         Stasis   .     (no boots)
MR     .....                    (no amulet)
Stlth  ..........               (no ring)
                                w - ring of wizardry

@: not resistant to hostile enchantments, extremely unstealthy
A: sustain abilities
a: no special abilities


You were on level 4 of the Dungeon.
You were very hungry.

You visited 1 branch of the dungeon, and saw 5 of its levels.

You collected 165 gold pieces.

Inventory:

Hand weapons
 a - a +0 quarterstaff (weapon)
Armour
 b - a +0 cloak (worn)
 e - a +0 scale mail (worn)
 i - a +0 ring mail
 j - a +0 pair of gloves (worn)
 l - a +0 chain mail
 o - a +0 plate armour
 x - a +0 helmet (worn)
Jewellery
 w - a ring of wizardry (left hand)
Scrolls
 c - a scroll of noise {unknown}
 g - a scroll of identify
 m - a scroll of amnesia {unknown}
 p - 3 scrolls of recharging
 u - 3 scrolls of teleportation
 v - a scroll of enchant armour {unknown}
 y - a scroll of blinking {unknown}
 A - 2 scrolls of fog {unknown}
 B - a scroll of fear {unknown}
Potions
 k - a potion of agility
 n - a potion of brilliance
 t - a potion of invisibility {unknown}
 C - a potion of curing {unknown}
 D - a potion of lignification {unknown}
Books
 z - a book of Power

   Spells                             Type                      Level
   a - Fulminant Prism                Conjuration/Hexes            4
   b - Iskenderun's Mystic Blast      Conjuration                  4
   c - Venom Bolt                     Conjuration/Poison           5
   d - Bolt of Magma                  Conjuration/Fire/Earth       5
   e - Iron Shot                      Conjuration/Earth            6
   f - Orb of Destruction             Conjuration                  7
   g - Spellforged Servitor           Conjuration/Summoning        7
Comestibles
 f - 2 bread rations
 h - 4 meat rations
 q - a chunk of flesh


   Skills:
 + Level 2.9 Fighting
 * Level 4.8 Staves
 + Level 2.0 Throwing
 + Level 2.2 Armour
 + Level 3.7 Dodging
 + Level 0.2 Stealth


You had 5 spell levels left.
You didn't know any spells.

Dungeon Overview and Level Annotations

Branches:
Dungeon (5/15)
 Temple: D:4-7


Innate Abilities, Weirdness & Mutations

Your attributes are resistant to harm.


Message History

* * * LOW HITPOINT WARNING * * *
The wight closely misses you. The orc wizard closely misses you.
You closely miss the wight.
The wight is severely damaged.
The orc wizard hits you but does no damage.
The wight hits you but does no damage.
You closely miss the wight.
The wight is severely damaged.
The orc wizard hits you with a dagger.
* * * LOW HITPOINT WARNING * * *
The wight barely misses you.
The orc wizard hits you but does no damage.
You hit the wight.
The wight is almost destroyed.
The orc wizard closely misses you. The wight hits you with a short sword.
* * * LOW HITPOINT WARNING * * *
You hit the wight but do no damage.
The wight is almost destroyed.
The orc wizard hits you with a dagger.
You die...

..# ##.####.......## .#..##
##...##.........
..##..######.........######
....##........#####..##
..............## #..###
............## ##...###
##.........## ##......##
##.........#####........#.
#..........@##...........# .
#...####.##zoo.(.........#
#..#...##
..###o...........#.
#......##.####.............#
#.###.....# #..............#
####.#
###...###.....(.......##
.##..# ##.........(........#
....# #.................##
#...## ##...........>....##


You could see a wight, an orc wizard and 2 orcs.

Vanquished Creatures
  A phantom (D:4)
  3 wights (D:4)
  A worker ant (D:4)
  Robin (D:3)
  2 adders
  3 worms
  3 giant geckos
  5 orcs
  2 ball pythons
  A giant cockroach (D:1)
  22 goblins
  10 hobgoblins
  13 jackals
  2 quokkas (D:2)
  6 bats
  6 kobolds
  7 rats
88 creatures vanquished.

Notes
Turn   | Place    | Note
--------------------------------------------------------------
     0 | D:1      | Havoc, the Demigod Gladiator, began the quest for the Orb.
     0 | D:1      | Reached XP level 1. HP: 17/17 MP: 2/2
   124 | D:1      | Reached skill level 3 in Staves
   124 | D:1      | Reached XP level 2. HP: 7/24 MP: 3/3
   545 | D:1      | Found a shattered altar of Ashenzari.
   874 | D:2      | Reached XP level 3. HP: 21/29 MP: 5/5
  1093 | D:2      | Reached skill level 1 in Armour
  1846 | D:4      | Found an ancient bone altar of Kikubaaqudgha.
  1932 | D:4      | Reached XP level 4. HP: 19/36 MP: 7/7
  1942 | D:5      | Entered Level 5 of the Dungeon
  2365 | D:3      | Noticed Robin
  2406 | D:3      | Killed Robin
  2406 | D:3      | Reached skill level 4 in Staves
  2858 | D:4      | Noticed a phantom
  2890 | D:4      | Killed a phantom
  2890 | D:4      | Reached XP level 5. HP: 32/42 MP: 8/8
  2928 | D:4      | Reached XP level 6. HP: 9/50 MP: 10/10
  3012 | D:4      | HP: 1/50 [wight/short sword (2)]
  3013 | D:4      | Slain by an orc wizard

Action                   |  1- 3 |  4- 6 || total
-------------------------+-------+-------++-------
Melee: Quarterstaff      |   167 |   144 ||   311
Throw: Throwing net      |       |     4 ||     4
  Use: Scroll            |       |     9 ||     9
       Potion            |       |     1 ||     1
  Eat: Chunk             |     3 |     3 ||     6
